 Dungeon Crawl Stone Soup version 0.27-a0-686-gaed091b46b (webtiles) character file.

Game seed: 16682531941574848642

107 jasper the Changer (level 4, -1/32 HPs)
             Began as a Demonspawn Transmuter on Mar 20, 2021.
             Slain by a kobold
             ... wielding a +0 dagger
              (7 damage)
             ... on level 2 of the Dungeon.
             The game lasted 00:05:51 (3308 turns).

jasper the Changer (Demonspawn Transmuter)          Turns: 3308, Time: 00:05:51

Health: -1/32      AC:  2    Str: 10    XL:     4   Next: 56%
Magic:  5/7        EV: 12    Int: 15    God:
Gold:   69         SH:  0    Dex: 14    Spells: 3/7 levels left

rFire    . . .     SeeInvis .     - Unarmed
rCold    . . .     Faith    .   (no shield)
rNeg     . . .     Spirit   .   a - +0 robe
rPois    .         Reflect  .   (no helmet)
rElec    .         Harm     .   (no cloak)
rCorr    .         Rampage  .   (no gloves)
Will     .....                  (no boots)
Stlth    +.........             (no amulet)
HPRegen  0.10/turn              (no ring)
MPRegen  0.10/turn              (no ring)

@: lethally poisoned (-1 -> -8)
A: claws 1, demonic magic 1
a: no special abilities


You were on level 2 of the Dungeon.
You visited 1 branch of the dungeon, and saw 2 of its levels.

You collected 69 gold pieces.

Inventory:

Missiles
 d - 19 stones (quivered)
Armour
 a - a +0 robe (worn)
Scrolls
 c - a scroll of noise {unknown}
 e - a scroll of fear {unknown}
 f - a scroll of holy word {unknown}
 h - a scroll of teleportation {unknown}
 i - a scroll of fog {unknown}
Potions
 b - a potion of lignification {unknown}
 g - a potion of heal wounds {unknown}


   Skills:
 + Level 1.0 Fighting
 + Level 1.7 Dodging
 + Level 2.7 Unarmed Combat
 - Level 2.0 Spellcasting
 + Level 3.2 Transmutations
 - Level 3.0 Poison Magic


You had 3 spell levels left.
You knew the following spells:

 Your Spells              Type           Power      Damage    Failure   Level
a - Beastly Appendage     Tmut           22%        N/A       6%          1
b - Spider Form           Tmut/Pois      5%         N/A       19%         3

Your spell library contained the following spells:

 Spells                   Type           Power      Damage    Failure   Level
 Wereblood                Tmut           11%        N/A       9%          2
 Ice Form                 Ice/Tmut       6%         N/A       75%         4
 Blade Hands              Tmut           5%         N/A       85%         5


Dungeon Overview and Level Annotations

Branches:
Dungeon (2/15)

Altars:

Shops:
D:1 [

Annotations:
D:1 1 runed translucent door
D:2 Jessica


Innate Abilities, Weirdness & Mutations

You have sharp fingernails.
Spells you cast may paralyse adjacent enemies.


Message History

Your horns disappear.
Your talons disappear.
A bat comes into view.
Health restored: 32; MP restored: 7 The helpless bat fails to defend itself.
You scratch the bat.
You kill the bat!
You see here a bat corpse.
Jessica the Apprentice Sorceress comes into view.
She is wielding a +10 club.
Jessica is nearby!
Casting: Beastly Appendage (safe; 6% risk of failure)
Confirm with . or Enter, or press ? or * to list all spells.
The spell is quite dangerous to cast (19% risk of failure)!
Continue anyway?
You turn into a venomous arachnid creature.
Your +0 robe melds into your body.
Malevolent energies surge around you.
Your transformation is almost over.
You now have 4/7 mp.
An adder comes into view.
The adder hisses angrily.
A frilled lizard comes into view.
Jessica shouts!
The frilled lizard hisses angrily.
You hear a shout!
A kobold comes into view. It is wielding a +0 dagger.
You completely miss the adder. The adder bites you.
You take 3 damage, and have 29/32 hp.
You hit the adder but do no damage.
The adder is poisoned.
The adder bites you.
You are poisoned.
The adder poisons you! The frilled lizard closely misses you.
The adder misses you.
You take 4 damage, and have 25/32 hp.
You bite the frilled lizard!
You kill the frilled lizard!
You feel sick. The adder closely misses you.
Jessica mumbles some strange words.
Jessica seems to speed up.
You take 1 damage, and have 24/32 hp.
Your transformation has ended.
Your +0 robe unmelds from your body.
You feel sick. The adder bites you. Jessica hits you with a +10 club!
* * * LOW HITPOINT WARNING * * *
The kobold hits you with a +0 dagger!
You die...

#.###.....####
#............#
#####.....##.# #
#..#.###†#######.###.
#....................
##.####...###.##.####
#.# #...# #....# ..#
#...###.#### ##
#..S@@..# #..##K###
#...@..# #.###..# #.
... ## #.## .# .#


You could see an adder (very poisoned), Jessica (fast) and a kobold.

Vanquished Creatures
  4 gnolls (D:2)
  2 adders
  3 worms
  A leopard gecko (D:2)
  2 ball pythons (D:2)
  A giant cockroach (D:2)
  4 hobgoblins
  4 jackals (D:2)
  5 kobolds
  7 bats
  2 frilled lizards
  3 goblins (D:1)
  3 rats (D:1)
41 creatures vanquished.

Notes
Turn   | Place    | Note
-------+----------+-------------------------------------------
     0 | D:1      | jasper the Demonspawn Transmuter began the quest for the
                  | Orb.
     0 | D:1      | Reached XP level 1. HP: 15/15 MP: 3/3
     1 | D:1      | Found a runed translucent door.
   116 | D:1      | Found Plog's Antique Armour Boutique.
   639 | D:1      | Gained mutation: You have sharp fingernails. [demonic
                  | ancestry]
   639 | D:1      | Reached XP level 2. HP: 21/21 MP: 5/5
  1604 | D:1      | Reached XP level 3. HP: 22/26 MP: 4/6
  1608 | D:1      | Learned a level 3 spell: Spider Form
  2119 | D:2      | Reached skill level 1 in Poison Magic
  2699 | D:2      | Gained mutation: Spells you cast may paralyse adjacent
                  | enemies. [demonic ancestry]
  2699 | D:2      | Reached XP level 4. HP: 24/32 MP: 4/7
  3296 | D:2      | Noticed Jessica
  3308 | D:2      | Slain by a kobold

Illustrated notes

Levels and vault maps discovered:
D:1:      dpeg_arrival_caged_fury, layout_basic, serial_shops, shop
D:2:      layout_loops_ring, lemuel_doored_altar, uniq_jessica,
          uniq_crazy_yiuf_cottage

Skill      XL: |  1  2  3  4 |
---------------+-------------+-----
Transmutations | 2 3 |  3.2
Poison Magic   | 2 3 |  3.0
Fighting       | |  1.0
Dodging        | |  1.7
Unarmed Combat | |  2.7
Spellcasting   | |  2.0

Action                   |  1- 3 |  4- 6 || total
-------------------------+-------+-------++-------
Melee: Unarmed           |    87 |    23 ||   110
       Kick              |    18 |     4 ||    22
       Headbutt          |     8 |       ||     8
       Punch             |     1 |       ||     1
Throw: Stone             |    12 |       ||    12
 Cast: Beastly Appendage |    18 |     2 ||    20
       Spider Form       |     1 |     3 ||     4
 Stab: Paralysed         |       |     3 ||     3
       Sleeping          |       |     2 ||     2
Armor: Robe              |    22 |       ||    22
Dodge: Dodged            |    72 |    23 ||    95

Table legend: (Time is in decaauts)
 A = Elapsed time spent in this place.
 B = Non-inter-level travel time spent in this place.
 C = Inter-level travel time spent in this place.
 D = Time resting spent in this place.
 E = Time spent auto-exploring this place.
 F = Levels seen in this place.
 G = Mean time per level.
                   A        B        C        D        E       F      G
               +--------+--------+--------+--------+--------+-----+--------+
         Total |   3312 |   3209 |    103 |   1307 |   1486 |   2 | 1656.0 |
       Dungeon |   3312 |   3209 |    103 |   1307 |   1486 |   2 | 1656.0 |
               +--------+--------+--------+--------+--------+-----+--------+

Top non-repeatable levels by time:
     D:1: 2556 daAuts
     D:2: 755 daAuts
